 Dungeon Crawl Stone Soup version 0.30-a0-879-ga8ba668304 (webtiles) character file.

Game seed: 1681910078819637980

899 112233 the Shooter (level 8, -23/64 HPs)
             Began as a Formicid Hunter on Mar 13, 2023.
             Annihilated by an ogre
             ... wielding a +0 giant club
              (26 damage)
             ... on level 6 of the Dungeon.
             The game lasted 00:04:00 (3856 turns).

112233 the Shooter (Formicid Hunter)                Turns: 3856, Time: 00:04:00

Health: -23/64     AC:  3    Str: 14 (16) XL:     8   Next: 28%
Magic:  0/8        EV: 13    Int:  8 (11) God:
Gold:   139        SH:  0    Dex: 16 (17) Spells: 7/7 levels left

rFire   . . .      SeeInvis +    a - +0 shortbow
rCold   . . .      Faith    .    (no shield)
rNeg    . . .      Spirit   +    c - +0 leather armour
rPois   .          Reflect  .    (helmet unavailable)
rElec   .          Rampage  .    (no cloak)
rCorr   .                        (no gloves)
Will    .....                    (no boots)
Stlth   ++                       e - amulet of guardian spirit
HPRegen 0.30/turn                k - ring of wizardry
MPRegen 0.11/turn                (no ring)

@: no status effects
A: permanent stasis, dig shafts and tunnels, antennae 3, four strong arms
a: Dig, Shaft Self


You were on level 6 of the Dungeon.
You visited 1 branch of the dungeon, and saw 6 of its levels.

You collected 139 gold pieces.

Inventory:

Hand Weapons
 a - a +0 shortbow (weapon)
Armour
 c - a +0 leather armour (worn)
 i - a +0 pair of boots
Jewellery
 e - an amulet of guardian spirit (around neck)
 k - a ring of wizardry (left hand)
Scrolls
 b - 2 scrolls of immolation
 f - a scroll of fear {unknown}
 g - 2 scrolls of identify {unknown}
 h - a scroll of poison {unknown}
 j - a scroll of torment {unknown}
 l - 4 scrolls of noise {unknown}
 n - a scroll of amnesia {unknown}
 o - a scroll of butterflies {unknown}


   Skills:
 + Level 5.8 Fighting
 + Level 6.3 Ranged Weapons
 + Level 4.8 Dodging
 - Level 3.1 Stealth


You had 7 spell levels left.
You didn't know any spells.
Your spell library contained the following spells:

 Spells                   Type           Power      Damage    Failure   Level
 Summon Ice Beast         Ice/Summ       0%         N/A       89%         4
 Summon Mana Viper        Hex/Summ       0%         N/A       99%         5
 Monstrous Menagerie      Summ           0%         N/A       100%        7


Dungeon Overview and Level Annotations

Branches:
Dungeon (6/15)
 Temple: D:4-7

Altars:
Ru
Vehumet
Wu Jian

Shops:
D:2 (

Annotations:
D:3 1 runed translucent door, Crazy Yiuf


Innate Abilities, Weirdness & Mutations

You cannot be hasted, slowed, berserked, paralysed or teleported.
You can dig through walls and to a lower floor.
You have a pair of large antennae on your head. (SInv)
Your four strong arms can wield two-handed weapons with a shield.


Message History

You are too injured to fight recklessly!
Unknown command.
Unknown command.
You are too injured to fight recklessly!
Non-targeted abil: Dig
Press: ? - help, Q - select action, (/) - cycle Dir - look around, f - activate You extend your mandibles.
Unknown command.
Unknown command.
It was a potion of degeneration.
There was something very wrong with that liquid.
You feel weakened.
You feel dopey.
You feel clumsy.
Unknown command.
Non-targeted abil: Dig
Press: ? - help, Q - select action, (/) - cycle Dir - look around, f - activate Look: an ogre, wielding a +0 giant club (severely wounded)
You retract your mandibles.
Non-targeted abil: Dig
Press: ? - help, Q - select action, (/) - cycle Dir - look around, f - activate Look: an ogre, wielding a +0 giant club (severely wounded)
You extend your mandibles.
Non-targeted abil: Dig
Press: ? - help, Q - select action, (/) - cycle Dir - look around, f - activate Look: an ogre, wielding a +0 giant club (severely wounded)
Okay, then.
Unknown command.
Fire: a) +0 shortbow
Press: ? - help, Q - select action, (/) - cycle Shift-Dir - straight line, p - ogre You shoot an arrow.
The arrow hits the ogre but does no damage.
The ogre is severely wounded.
The ogre hits you with a +0 giant club!
* * * LOW HITPOINT WARNING * * *
You aren't carrying any potions.
Unknown command.
Fire: a) +0 shortbow
Press: ? - help, Q - select action, (/) - cycle Shift-Dir - straight line You shoot an arrow.
The arrow closely misses the ogre.
The ogre hits you with a +0 giant club!!
You die...

#..#########.#
#
###.........#.#
#
#...........'.#
#
#.#.........###
# #.###..######
# #.# ##.######
#. #.# #......#
#.#########..#
#@.......
#O.......
#........
#........
#........
#........
#........
#...$....


You could see an ogre.

Vanquished Creatures
  A black bear (D:5)
  An ogre (D:6)
  Blork the orc (D:5)
  A bullfrog (D:6)
  A scorpion (D:4)
  2 howler monkeys
  A jelly (D:5)
  3 orc priests (D:6)
  A hound (D:6)
  2 iguanas
  3 orc wizards (D:6)
  6 gnolls
  2 adders (D:2)
  A dart slug (D:2)
  19 orcs
  4 ball pythons
  3 bats
  4 endoplasms
  3 giant cockroaches
  7 hobgoblins
  15 jackals
  7 kobolds
  2 quokkas
  3 frilled lizards
  2 goblins (D:2)
  2 rats
97 creatures vanquished.

Notes
Turn   | Place    | Note
-------+----------+-------------------------------------------
     0 | D:1      | 112233 the Formicid Hunter began the quest for the Orb.
     0 | D:1      | Reached XP level 1. HP: 16/16 MP: 1/1
   118 | D:1      | Reached XP level 2. HP: 14/23 MP: 2/2
   295 | D:1      | Reached XP level 3. HP: 28/28 MP: 3/3
   471 | D:1      | You fall into a shaft and drop 1 floor!
   516 | D:2      | Found Ziabb's Antique Weapon Emporium.
   747 | D:2      | Reached XP level 4. HP: 34/34 MP: 4/4
  1200 | D:3      | Found an ornate altar of the Wu Jian Council.
  1215 | D:3      | Found a runed translucent door.
  1216 | D:3      | Noticed Crazy Yiuf
  1271 | D:3      | You fall into a shaft and drop 1 floor!
  1271 | D:4      | Found a radiant altar of Vehumet.
  1575 | D:4      | Noticed a scorpion
  1578 | D:4      | Killed a scorpion
  1579 | D:4      | Reached XP level 5. HP: 41/41 MP: 5/5
  1903 | D:4      | Found a sacrificial altar of Ru.
  2095 | D:3      | Reached XP level 6. HP: 48/48 MP: 6/6
  2120 | D:4      | Reached skill level 5 in Ranged Weapons
  2234 | D:5      | Entered Level 5 of the Dungeon
  2394 | D:5      | Noticed Blork the orc
  2403 | D:5      | Killed Blork the orc
  2500 | D:5      | Noticed an ice beast
  2652 | D:5      | You fall into a shaft and drop 1 floor!
  2681 | D:6      | Reached XP level 7. HP: 34/55 MP: 3/7
  2948 | D:6      | Reached skill level 5 in Fighting
  3219 | D:6      | Reached skill level 6 in Ranged Weapons
  3286 | D:6      | Reached XP level 8. HP: 63/63 MP: 8/8
  3855 | D:6      | HP: 3/64 [ogre/+0 giant club (12)]
  3856 | D:6      | Annihilated by an ogre

Illustrated notes

Levels and vault maps discovered:
D:1:      pf_arrival_petrified_forest, layout_loops_cross,
          hangedman_decor_growths, minmay_misc_feat_iff
D:2:      layout_loops_cross, serial_shops, nicolae_shop_stone
D:3:      layout_rooms, mainiacjoe_overflow_surrounded_room,
          mainiacjoe_overflow_chevrons, minmay_misc_feat_secret_circle,
          uniq_crazy_yiuf_cottage
D:4:      layout_basic, lemuel_coloured_pillars_altar, nicolae_ru_awakened_eye
D:5:      layout_layer_cave, cheibrodos_sewer_entry_sluice,
          hangedman_decor_clover_reticule, uniq_menkaure, uniq_blork_the_orc
D:6:      layout_basic

Skill      XL: |  1  2  3  4  5  6  7 |
---------------+----------------------+-----
Dodging        | 2 3 4 |  4.8
Stealth        | 2 3 |  3.1
Fighting       | 3 4 5 |  5.8
Ranged Weapons | 5 6 |  6.3

Action                     |  1- 3 |  4- 6 |  7- 9 || total
---------------------------+-------+-------+-------++-------
  Melee: Shortbow          |       |       |     3 ||     3
   Fire: Shortbow          |    78 |   147 |   140 ||   365
Ability: Dig               |       |     2 |     4 ||     6
         Shaft Self        |       |     2 |       ||     2
    Use: Potion            |       |     4 |     2 ||     6
 Armour: Leather armour    |     8 |     8 |    12 ||    28
         Skin              |       |     9 |       ||     9
  Dodge: Dodged            |    23 |    52 |    76 ||   151

Table legend: (Time is in decaauts)
 A = Elapsed time spent in this place.
 B = Non-inter-level travel time spent in this place.
 C = Inter-level travel time spent in this place.
 D = Time resting spent in this place.
 E = Time spent auto-exploring this place.
 F = Levels seen in this place.
 G = Mean time per level.
                   A        B        C        D        E       F      G
               +--------+--------+--------+--------+--------+-----+--------+
         Total |   3958 |   3847 |    111 |    799 |   2323 |   6 |  659.7 |
       Dungeon |   3958 |   3847 |    111 |    799 |   2323 |   6 |  659.7 |
               +--------+--------+--------+--------+--------+-----+--------+

Top non-repeatable levels by time:
     D:6: 1153 daAuts
     D:4: 967 daAuts
     D:2: 723 daAuts
     D:5: 517 daAuts
     D:1: 489 daAuts
     D:3: 106 daAuts
